 Dungeon Crawl Stone Soup version 0.19-a0-854-gc78d25d (webtiles) character file.

272 Implojin the Chopper (level 6, 0/51 HPs)
             Began as a Minotaur Fighter on July 1, 2016.
             Succumbed to a worker ant's poison
             ... on level 4 of the Dungeon.
             The game lasted 00:03:57 (447 turns).

Implojin the Chopper (Minotaur Fighter)              Turns: 447, Time: 00:03:58

Health: 0/51       AC:  9    Str: 20    XL:     6   Next: 2%
Magic:  5/5        EV:  7    Int:  5    God:
Gold:   23         SH:  9    Dex: 12    Spells: 0 memorised, 5 levels left

rFire  . . .     SeeInvis +     a - +1 war axe
rCold  . . .     Gourm    .     b - +0 scale mail
rNeg   . . .     Faith    .     c - +0 shield
rPois  .         Spirit   .     (helmet restricted)
rElec  .         Dismiss  .     d - +1 cloak
rCorr  .         Reflect  .     (no gloves)
SustAt .         Harm     .     (no boots)
MR     .....                    (no amulet)
Stlth  ..........               (no ring)
                                l - ring of see invisible

@: lethally poisoned (0 -> -9), not resistant to hostile enchantments, extremely
unstealthy
A: retaliatory headbutt, horns 2
a: no special abilities


You were on level 4 of the Dungeon.
You were not hungry.

You visited 1 branch of the dungeon, and saw 5 of its levels.

You collected 23 gold pieces.

Inventory:

Hand Weapons
 a - a +1 war axe (weapon)
Armour
 b - a +0 scale mail (worn)
 c - a +0 shield (worn)
 d - a +1 cloak (worn)
 e - a +0 plate armour
 i - a fire dragon hide
Jewellery
 g - an uncursed ring of fire
 l - a ring of see invisible (left hand)
Comestibles
 f - 2 bread rations


   Skills:
 - Level 3.6 Fighting
 * Level 7.7 Axes
 - Level 3.6 Armour
 - Level 3.6 Shields


You had 5 spell levels left.
You didn't know any spells.

Dungeon Overview and Level Annotations

Branches:
Dungeon (5/15)
 Temple: D:4-7

Altars:
Ashenzari
Trog

Shops:
D:5 [(


Innate Abilities, Weirdness & Mutations

You reflexively headbutt those who attack you in melee.
You have a pair of horns on your head.


Message History

The worker ant is heavily wounded.
The worker ant bites you.
* * * LOW HITPOINT WARNING * * *
The worker ant bites you but does no damage.
Unknown command.
Your shield prevents you from hitting the worker ant.
The worker ant is heavily wounded.
The worker ant bites you.
* * * LOW HITPOINT WARNING * * *
You are poisoned.
The worker ant poisons you!
Unknown command.
You hit the worker ant.
The worker ant is severely wounded.
You feel sick. The worker ant bites you.
* * * LOW HITPOINT WARNING * * *
You are more poisoned.
The worker ant poisons you! The worker ant bites you.
* * * LOW HITPOINT WARNING * * *
You hit the worker ant.
The worker ant is almost dead.
* * * LOW HITPOINT WARNING * * *
You feel sick. The worker ant barely misses you.
You aren't carrying any potions.
You hit the worker ant.
You kill the worker ant!
You have reached level 6!
Your experience leads to an increase in your attributes!
Increase (S)trength, (I)ntelligence, or (D)exterity?
You feel agile.
* * * LOW HITPOINT WARNING * * *
You feel sick.
You aren't carrying any spellbooks or scrolls.
Put on which piece of jewellery? (? for menu, Esc to quit)
l - a ring of see invisible (left hand)
* * * LOW HITPOINT WARNING * * *
You feel sick.
You aren't carrying any potions.
You aren't carrying any spellbooks or scrolls.
You die...

##########
.......@>#
########.#
#.# #.#
#.# #.#
#.# #.#


There were no monsters in sight!

Vanquished Creatures
  An orc warrior (D:5)
  The ghost of mirrormirror the Sneak, a weakling SpAs (D:3)
  An orc wizard (D:5)
  3 worker ants
  An adder (D:3)
  2 adder zombies (D:5)
  2 orcs (D:5)
  A bat (D:2)
  7 goblins
  2 hobgoblins (D:1)
  3 kobolds
  A quokka skeleton (D:5)
  3 rats
28 creatures vanquished.

Vanquished Creatures (others)
  A hound skeleton (D:4)
1 creature vanquished.

Grand Total: 29 creatures vanquished

Notes
Turn   | Place    | Note
-------+----------+-------------------------------------------
     0 | D:1      | Implojin the Minotaur Fighter began the quest for the Orb.
     0 | D:1      | Reached XP level 1. HP: 19/19 MP: 0/0
    68 | D:1      | Reached skill level 3 in Axes
    80 | D:1      | Reached XP level 2. HP: 11/26 MP: 1/1
   235 | D:3      | Noticed mirrormirror's ghost (weakling SpAs)
   255 | D:3      | Killed mirrormirror's ghost
   255 | D:3      | Reached skill level 4 in Axes
   255 | D:3      | Reached XP level 3. HP: 9/31 MP: 2/2
   281 | D:3      | Reached skill level 5 in Axes
   286 | D:3      | Found a shattered altar of Ashenzari.
   301 | D:3      | Reached XP level 4. HP: 16/39 MP: 3/3
   349 | D:5      | Entered Level 5 of the Dungeon
   349 | D:5      | Found Ypitrau's Weapon Emporium.
   349 | D:5      | Found a bloodstained altar of Trog.
   349 | D:5      | Noticed an orc warrior
   386 | D:5      | Found Puzur's Armour Shop.
   401 | D:5      | Reached skill level 6 in Axes
   401 | D:5      | Reached XP level 5. HP: 10/45 MP: 4/4
   402 | D:5      | Killed an orc warrior
   402 | D:5      | Reached skill level 7 in Axes
   429 | D:5      | Noticed a sky beast
   444 | D:4      | HP: 2/45 [poisoned by a worker ant]
   445 | D:4      | Reached XP level 6. HP: 3/51 MP: 5/5
   447 | D:4      | Succumbed to a worker ant's poison

Vault maps used:
D:1:      saegor_arrival_simple_e
D:2:      lemuel_coloured_pillars_altar, serial_bayou_crossing
D:3:      first_bread, evilmike_ruin_ashenzari
D:4:      nicolae_overflow_hidden_temple, lemuel_flame_loot_1
D:5:      lemuel_doored_altar, serial_shops, nicolae_shop_stone,
          kennysheep_little_box, shop, nicolae_shop_window_shopping, bloody_trog

Skill      XL: |  1  2  3  4  5 |
---------------+----------------+-----
Axes           | 3 4 5 6 7 |  7.7
Fighting       | |  3.6
Armour         | |  3.6
Shields        | |  3.6

Action                   |  1- 3 |  4- 6 || total
-------------------------+-------+-------++-------
Melee: War axe           |    51 |    40 ||    91
       Headbutt          |     3 |       ||     3
  Use: Potion            |     1 |     2 ||     3
       Scroll            |     1 |     4 ||     5
Armor: Scale mail        |    38 |     4 ||    42
       Skin              |       |    31 ||    31
Dodge: Dodged            |    14 |     8 ||    22
Block: Shield            |    33 |    28 ||    61

Table legend:
 A = Turns spent in this place as a percentage of turns spent in the entire game.
 B = Non-inter-level travel turns spent in this place as a percentage of non-inter-level travel turns spent in the entire game.
 C = Inter-level travel turns spent in this place as a percentage of turns spent in this place.
 D = Turns resting spent in this place as a percentage of non-inter-level travel turns spent in this place.
 E = Turns spent auto-exploring this place as a percentage of non-inter-level travel turns spent in this place.
 F = Non-inter-level travel turns spent in this place divided by the number of levels of this place that you've seen.
                   A       B       C       D       E      F
               +-------+-------+-------+-------+-------+----------------------
         Total | 100.0 | 100.0 |   0.0 |   0.4 |   0.0 |  98.6
       Dungeon | 100.0 | 100.0 |   0.0 |   0.4 |   0.0 |  98.6
               +-------+-------+-------+-------+-------+----------------------

Table legend:
 A = Kills in this place as a percentage of kills in entire the game.
 B = Kills by you in this place as a percentage of kills by you in the entire game.
 C = Kills by friends in this place as a percentage of kills by friends in the entire game.
 D = Other kills in this place as a percentage of other kills in the entire game.
 E = Experience gained in this place as a percentage of experience gained in the entire game.
 F = Experience gained in this place divided by the number of levels of this place that you have seen.
                   A       B       C       D       E      F
               +-------+-------+-------+-------+-------+----------------------
         Total | 100.0 | 100.0 |  -nan |  -nan | 100.0 |  77.8
       Dungeon | 100.0 | 100.0 |  -nan |  -nan | 100.0 |  77.8
               +-------+-------+-------+-------+-------+----------------------
